Map: King of Braxis Station

Players

MrFercho - Winner!

  • Race: Terran Terran
  • Spawn Location: 6:00

tigro

  • Race: Terran Terran
  • Spawn Location: 9:00

TATORREA

  • Race: Terran Terran
  • Spawn Location: 12:00

VOD

Have the link to the VOD?

Description

Time

  • Played on: April 5, 2020, 5:14 p.m.
  • Length: 49:14
Show
View Real Time Build Order
Export as new Build Order

MrFercho Terran - Winner!

Build Orders:  

Get SALT Encoding   

  12  0:02  SCV  
  13  0:17  Supply Depot  
  13  0:20  SCV  
  14  0:32  SCV, Refinery  
  15  0:45  SCV, Barracks  
  16  1:08  Engineering Bay  
  16  1:11  SCV  
  16  1:12  Refinery  
  17  1:23  SCV  
  18  1:35  Supply Depot  
  18  1:36  SCV  
  19  1:48  SCV  
  20  2:00  SCV  
  21  2:09  Factory  
  21  2:11  Barracks Tech Lab  
  21  2:12  SCV  
  22  2:24  Terran Infantry Weapons Level 1  
  22  2:28  SCV  
  23  2:37  Reaper  
  23  2:44  Orbital Command  
  24  3:09  Reaper  
  24  3:10  Armory  
  25  3:16  Starport  
  25  3:17  Factory Tech Lab  
  25  3:38  SCV  
  26  3:50  SCV  
  27  3:58  Supply Depot, Starport Tech Lab  
  27  3:59  Supply Depot  
  27  4:02  Terran Ship Weapons Level 1  
  27  4:22  Supply Depot  
  27  4:27  Liberator  
  29  5:01  Armory  
  29  5:10  Sensor Tower  
  29  5:22  Command Center  
  29  5:29  SCV  
  30  5:41  SCV  
  31  5:53  SCV, Liberator  
  35  6:05  SCV  
  35  6:17  SCV  
  36  6:36  Refinery, Liberator  
  39  6:43  Barracks  
  39  6:50  Thor  
  45  6:59  Refinery  
  42  7:31  Barracks  
  42  7:37  Factory  
  42  7:40  Barracks Tech Lab  
  39  7:49  Terran Vehicle Weapons Level 1, Terran Vehicle And Ship Armor Level 1  
  39  7:54  Orbital Command  
  39  8:08  SCV  
  40  8:20  SCV  
  40  8:22  Factory  
  40  8:23  Barracks Tech Lab  
  41  8:32  SCV  
  41  8:34  Missile Turret  
  42  8:44  SCV  
  43  8:53  Starport  
  43  8:54  Starport  
  43  8:55  Missile Turret  
  43  8:56  SCV  
  43  9:02  Fusion Core  
  44  9:17  Missile Turret  
  44  9:29  Factory Tech Lab x2  
  44  9:38  Supply Depot  
  44  10:01  Supply Depot  
  38  10:13  Marauder x3  
  44  10:24  Supply Depot, Siege Tank x3  
  44  10:28  Concussive Shells  
  53  10:29  Combat Shield  
  53  10:33  Marine  
  53  10:34  Marine x2  
  56  10:36  Terran Vehicle And Ship Armor Level 2  
  56  10:37  Command Center  
  56  10:46  Supply Depot  
  56  10:48  Starport Tech Lab x2  
  56  10:51  Marine x2  
  56  10:56  Advanced Ballistics, Cyclone x2, Siege Tank  
  67  11:09  Supply Depot  
  67  11:34  Banshee x3  
  76  11:51  Refinery  
  76  11:53  Orbital Command  
  76  12:09  SCV  
  76  12:15  Weapon Refit  
  77  12:17  Refinery, Banshee  
  77  12:21  SCV  
  75  12:33  SCV  
  53  12:45  SCV  
  51  12:53  Banshee x2  
  51  12:58  SCV  
  58  13:00  Banshee  
  61  13:06  Terran Ship Weapons Level 2  
  61  13:07  Terran Vehicle And Ship Armor Level 3  
  61  13:11  Terran Infantry Armor Level 1  
  61  13:26  SCV x3  
  64  13:38  SCV x3  
  67  13:48  Cloaking Field  
  67  13:52  Hyperflight Rotors  
  67  14:02  Supply Depot  
  67  14:10  Marauder x2  
  67  14:11  Marauder  
  73  14:24  Supply Depot  
  73  14:26  Widow Mine x2, Thor  
  83  14:31  Marine x2  
  83  14:32  Marauder  
  83  14:38  SCV  
  88  14:47  SCV, Supply Depot, Thor x2  
  88  14:49  Marine x2  
  88  14:50  SCV  
  104  14:53  Marauder  
  104  14:55  SCV  
  104  14:59  SCV  
  108  15:02  SCV  
  109  15:07  Marine  
  109  15:08  SCV, Marauder  
  109  15:09  Supply Depot, Siege Tank  
  109  15:11  SCV  
  118  15:14  SCV, Marine  
  118  15:20  SCV  
  120  15:21  Terran Vehicle Weapons Level 2  
  120  15:23  SCV, Terran Infantry Armor Level 2  
  120  15:25  Engineering Bay, Marauder  
  120  15:26  SCV  
  124  15:28  Marine  
  124  15:32  SCV, Marauder  
  124  15:33  Supply Depot  
  124  15:35  SCV  
  129  15:44  SCV  
  130  15:57  Supply Depot  
  130  16:20  Supply Depot  
  71  17:25  SCV  
  69  17:37  SCV, Terran Ship Weapons Level 3  
  69  17:40  Stimpack  
  69  17:43  Corvid Reactor  
  70  17:48  Drilling Claws, Smart Servos  
  70  17:49  SCV  
  70  17:50  Mag-Field Accelerator  
  71  17:54  Rapid Reignition System  
  71  18:01  SCV  
  72  18:13  SCV  
  73  18:32  SCV  
  73  18:44  SCV  
  74  18:56  SCV  
  74  19:01  Starport  
  75  19:03  Starport  
  75  19:05  Starport x2  
  75  19:06  Infernal Pre-Igniter, Starport  
  75  19:08  SCV, Starport  
  76  19:20  SCV  
  77  19:33  Liberator x3  
  86  19:41  Ghost Academy  
  86  19:45  Ghost Academy  
  86  19:46  Ghost Academy  
  86  19:47  Ghost Academy  
  86  19:48  Terran Vehicle Weapons Level 3  
  86  19:50  Ghost Academy  
  86  19:52  Terran Infantry Armor Level 3, Ghost Academy, Terran Infantry Weapons Level 2  
  86  20:12  Ghost Academy  
  86  20:16  Liberator  
  86  20:17  Ghost Academy  
  86  20:18  Ghost Academy  
  89  20:22  Ghost Academy  
  89  20:23  Ghost Academy  
  89  20:24  Supply Depot  
  89  20:25  Supply Depot  
  89  20:26  Supply Depot  
  89  20:28  Supply Depot  
  89  20:29  Supply Depot, Starport Tech Lab  
  89  20:30  Starport Tech Lab x5  
  89  20:38  Enhanced Shockwaves, Personal Cloaking  
  89  20:49  Supply Depot x2  
  89  20:51  Supply Depot x2  
  89  20:56  Refinery  
  89  21:22  Refinery  
  80  22:08  Neosteel Armor  
  77  22:13  Battlecruiser x3  
  77  22:14  Battlecruiser x5  
  77  22:15  Battlecruiser  
  131  22:23  Nuke  
  131  22:29  Hi-Sec Auto Tracking  
  131  22:36  Command Center  
  132  22:37  SCV x3  
  134  22:49  SCV x3  
  137  23:01  SCV x2  
  137  23:02  SCV  
  140  23:13  SCV  
  140  23:14  SCV x2  
  143  23:21  Nuke x4  
  143  23:22  Nuke x3  
  143  23:25  SCV  
  143  23:26  SCV x2  
  143  23:27  Terran Infantry Weapons Level 3  
  146  24:13  Nuke  
  146  24:14  Nuke x2  
  146  24:29  Missile Turret  
  146  24:30  Missile Turret  
  146  24:32  Missile Turret x2  
  146  24:35  Missile Turret  
  146  24:36  Missile Turret  
  146  24:37  Missile Turret  
  146  24:38  Missile Turret  
  146  24:47  Missile Turret  
  146  24:48  Missile Turret  
  146  24:49  Missile Turret x2  
  146  24:50  Missile Turret  
  146  24:51  Missile Turret x3  
  146  25:04  Missile Turret x2  
  146  25:06  Missile Turret  
  146  25:07  Missile Turret x3  
  146  25:08  Missile Turret x4  
  146  25:09  Missile Turret  
  146  25:10  Missile Turret x2  
  146  25:11  Missile Turret x3  
  146  25:13  Missile Turret  
  146  25:15  Missile Turret x3  
  146  25:16  Missile Turret  
  146  25:21  Missile Turret  
  146  25:22  Missile Turret x2  
  146  25:23  Missile Turret  
  146  25:24  Missile Turret  
  146  25:26  Missile Turret x2  
  146  25:33  Missile Turret  
  146  25:36  Orbital Command  
  146  25:45  Missile Turret  
  146  25:46  Missile Turret  
  146  25:47  Missile Turret x2  
  146  25:49  Missile Turret  
  146  25:51  Missile Turret  
  146  26:06  Missile Turret  
  146  26:11  Ghost x3, Missile Turret  
  146  26:13  Sensor Tower  
  152  26:26  Sensor Tower  
  152  26:40  Ghost x3, Sensor Tower  
  152  26:45  Sensor Tower  
  158  26:58  Sensor Tower  
  158  27:05  Viking x3  
  158  27:06  Viking x6  
  170  27:08  Ghost x2  
  156  27:35  Viking x4  
  156  27:36  Viking x3  
  158  27:58  Battlecruiser x2  
  176  28:05  Battlecruiser  
  176  28:06  Battlecruiser x4  
  168  29:44  Medivac  
  168  29:45  Medivac  
  146  32:34  Battlecruiser x5  
  146  32:35  Battlecruiser x4  
  176  33:38  Battlecruiser x4  
  184  34:41  Battlecruiser x2  
  180  37:11  Nuke  
  180  37:12  Nuke x6  
  176  39:07  Battlecruiser x4  
  182  40:04  Battlecruiser x3  
  192  43:30  Ghost x3  
  192  43:49  Hellion x3  
  198  43:58  Ghost  
  194  44:10  Hellion  
  194  44:11  Hellion x2  
Show
View Real Time Build Order
Export as new Build Order

tigro Terran 

Build Orders:  

Get SALT Encoding   

  12  0:09  SCV  
  13  0:21  SCV  
  14  0:26  Supply Depot  
  14  0:33  SCV  
  14  0:34  Refinery  
  15  0:40  Refinery  
  15  0:48  SCV  
  16  1:00  SCV  
  16  1:03  Barracks  
  17  1:12  SCV  
  18  1:24  SCV  
  19  1:34  Supply Depot  
  19  1:36  SCV  
  20  1:48  SCV  
  21  1:54  Marine  
  21  2:00  SCV  
  23  2:11  Barracks  
  23  2:12  Marine  
  24  2:15  Orbital Command  
  24  2:30  Marine  
  25  2:47  Marine  
  26  3:02  Barracks Tech Lab  
  26  3:05  Engineering Bay, Marine  
  27  3:21  Combat Shield  
  27  3:25  Marauder  
  29  3:36  Barracks Tech Lab  
  29  3:47  Marauder  
  31  3:57  Supply Depot, Marauder  
  33  4:08  Marauder  
  35  4:18  Marine  
  36  4:24  Factory  
  36  4:33  Terran Infantry Weapons Level 1  
  36  4:36  Marauder  
  38  4:40  Stimpack  
  38  4:57  Marine  
  39  5:01  SCV  
  40  5:11  Factory  
  40  5:12  Factory Tech Lab  
  40  5:16  Marauder  
  42  5:23  Armory  
  42  5:53  Infernal Pre-Igniter  
  42  5:59  Starport  
  42  6:12  Missile Turret  
  42  6:20  Concussive Shells  
  42  6:27  Factory Tech Lab  
  42  6:28  Terran Infantry Armor Level 1  
  42  6:37  Siege Tank  
  42  6:38  Starport  
  45  6:41  Starport Tech Lab  
  45  7:01  Medivac  
  47  7:12  Mag-Field Accelerator  
  47  7:19  Missile Turret  
  25  7:54  SCV  
  26  8:06  SCV, Marine  
  26  8:08  Marine  
  29  8:17  Starport Tech Lab  
  29  8:18  SCV  
  30  8:22  Neosteel Armor  
  30  8:23  Marine  
  30  8:26  Marine  
  32  8:30  SCV  
  32  8:34  Fusion Core  
  33  8:39  Missile Turret  
  33  8:41  Marine  
  33  8:42  SCV  
  33  8:44  Marine  
  36  8:59  Marine  
  36  9:00  SCV  
  36  9:02  Marine  
  39  9:12  SCV  
  40  9:17  Marine  
  40  9:20  Marine  
  42  9:24  SCV  
  42  9:30  Missile Turret  
  43  9:35  Marine  
  43  9:36  SCV  
  43  9:37  Marine  
  46  9:39  Medivac  
  48  9:48  SCV  
  49  9:52  Marine  
  49  9:55  Marine  
  51  10:02  Hi-Sec Auto Tracking  
  51  10:10  Marine  
  51  10:13  Marine  
  53  10:28  Marine  
  53  10:31  Marine  
  53  10:33  Command Center  
  55  10:48  Weapon Refit  
  55  10:58  Terran Infantry Weapons Level 2  
  55  11:12  Missile Turret  
  55  11:34  SCV, Marine  
  57  11:48  Drilling Claws  
  57  11:49  Refinery  
  57  11:52  Supply Depot  
  57  11:55  Terran Vehicle Weapons Level 1  
  57  12:00  Planetary Fortress  
  57  12:25  Battlecruiser  
  57  12:29  Rapid Reignition System  
  63  12:34  Missile Turret  
  63  12:47  SCV  
  64  12:59  SCV  
  64  13:03  Missile Turret  
  65  13:07  Smart Servos  
  65  13:11  SCV x2  
  67  13:14  Terran Infantry Armor Level 2  
  67  13:23  SCV  
  67  13:24  SCV  
  69  13:34  Refinery  
  69  13:35  SCV  
  69  13:36  SCV  
  71  13:45  Factory  
  71  13:48  SCV  
  72  13:49  Terran Vehicle And Ship Armor Level 1  
  72  14:00  SCV  
  73  14:03  Siege Tank  
  73  14:08  Missile Turret  
  76  14:12  SCV  
  77  14:19  Hyperflight Rotors  
  77  14:21  Corvid Reactor  
  77  14:24  SCV  
  78  14:36  SCV  
  78  14:38  Factory Tech Lab  
  79  14:56  Missile Turret  
  79  15:16  Battlecruiser  
  85  15:27  Missile Turret  
  85  15:31  Siege Tank  
  88  15:40  Cloaking Field  
  88  15:43  Missile Turret  
  88  15:44  Terran Ship Weapons Level 1  
  88  15:58  Missile Turret  
  88  16:15  Missile Turret  
  88  16:18  Viking  
  90  16:19  Raven  
  92  16:36  Missile Turret  
  92  16:48  Viking  
  91  17:09  Marauder  
  91  17:11  Missile Turret  
  91  17:12  Marine  
  93  17:30  Marine  
  94  18:03  Missile Turret  
  94  18:16  Supply Depot  
  94  18:38  Battlecruiser, Marauder  
  102  18:45  Missile Turret  
  102  18:56  Supply Depot  
  102  19:17  Marine  
  102  19:18  Battlecruiser  
  109  19:35  Marine  
  110  19:41  Command Center  
  110  19:53  Marine  
  110  19:54  Marauder, Siege Tank  
  116  20:15  Marauder  
  118  20:27  Missile Turret  
  118  20:52  Marauder  
  118  20:54  Planetary Fortress  
  120  21:00  Supply Depot, Command Center  
  120  21:08  Battlecruiser  
  120  21:10  Battlecruiser  
  114  22:19  Planetary Fortress  
  114  22:28  SCV  
  115  22:40  SCV, Missile Turret  
  116  22:52  SCV  
  117  23:04  SCV  
  118  23:16  SCV  
  119  23:33  Supply Depot  
  119  23:34  Missile Turret  
  119  23:36  Battlecruiser  
  119  23:38  Battlecruiser  
  131  24:16  Missile Turret  
  131  24:20  Supply Depot  
  131  24:28  Terran Infantry Weapons Level 3  
  131  24:40  Battlecruiser  
  131  24:43  Battlecruiser  
  143  24:47  SCV  
  144  24:59  SCV  
  145  25:01  Missile Turret  
  145  25:11  SCV  
  145  25:12  Terran Vehicle Weapons Level 2  
  146  25:23  SCV  
  147  25:36  SCV  
  148  25:44  Engineering Bay  
  148  25:58  SCV  
  149  26:10  SCV, Armory  
  150  26:22  SCV  
  150  26:23  Battlecruiser  
  163  26:25  Battlecruiser  
  163  26:30  Marine  
  164  26:32  Marine  
  164  26:34  SCV  
  165  26:46  SCV  
  163  26:48  Marine  
  163  26:50  Marine  
  144  27:05  Terran Infantry Armor Level 3, Marine  
  144  27:08  Marine  
  107  27:23  Marine  
  107  27:26  Marine  
  107  27:28  Terran Vehicle And Ship Armor Level 2  
  93  27:41  Marine  
  93  27:44  Marine  
  87  27:48  Battlecruiser  
  87  27:50  Battlecruiser  
  92  28:06  Command Center  
  92  28:11  SCV  
  93  28:24  SCV  
  94  28:27  Missile Turret  
  94  28:36  SCV  
  95  28:48  SCV  
  96  28:49  Thor  
  96  28:50  Fusion Core  
  102  29:00  SCV  
  103  29:12  SCV  
  98  29:22  Missile Turret  
  88  29:24  SCV  
  72  29:36  SCV  
  69  29:41  Battlecruiser  
  69  29:43  Terran Ship Weapons Level 2  
  75  29:48  SCV  
  76  30:03  Advanced Ballistics  
  76  30:07  Missile Turret  
  76  30:22  Orbital Command  
  76  30:30  SCV  
  77  30:42  SCV  
  78  30:54  SCV  
  78  30:56  Battlecruiser  
  85  30:57  Missile Turret  
  85  31:06  SCV  
  86  31:17  Battlecruiser  
  92  31:18  SCV  
  93  31:32  Missile Turret  
  93  31:47  Marine  
  93  31:51  Marine  
  95  32:00  Medivac  
  95  32:01  Siege Tank  
  100  32:04  Marine  
  101  32:08  Marine  
  102  32:22  Battlecruiser, Marine  
  108  32:26  Marine  
  110  32:30  Battlecruiser  
  116  32:40  Marine  
  117  32:44  Marine  
  118  32:58  Marine  
  119  33:02  Marine  
  120  33:13  Missile Turret  
  120  33:15  Missile Turret  
  120  33:16  Marauder  
  122  33:20  Marauder  
  122  33:25  Raven  
  126  33:35  Battlecruiser  
  126  33:37  Marine  
  133  33:41  Marine  
  134  33:55  Marine  
  135  33:59  Marine  
  136  34:09  Battlecruiser  
  142  34:11  Command Center  
  142  34:13  Marine  
  143  34:17  Marine  
  143  34:21  Command Center  
  144  34:30  Marine  
  145  34:34  SCV, Missile Turret, Marine  
  147  34:39  Battlecruiser  
  153  35:04  Missile Turret  
  153  35:13  Battlecruiser  
  150  35:38  Supply Depot  
  131  35:43  Battlecruiser  
  73  36:18  Battlecruiser  
  73  36:29  Starport  
  73  36:35  Planetary Fortress  
  55  37:22  Raven  
  51  37:43  Missile Turret  
  49  38:00  SCV  
  50  38:13  SCV  
  50  38:25  SCV  
  51  38:37  SCV  
  52  38:47  Battlecruiser  
  58  38:49  SCV  
  59  39:01  SCV  
  60  39:13  SCV  
  61  39:25  SCV  
  62  39:37  SCV  
  63  39:44  SCV  
  64  39:49  SCV  
  64  39:51  Battlecruiser  
  71  39:56  SCV  
  72  40:01  SCV  
  73  40:08  SCV  
  74  40:20  SCV  
  75  40:32  SCV  
  76  40:43  Starport  
  76  40:44  SCV  
  77  40:55  Raven  
  77  40:56  SCV  
  80  40:59  Missile Turret  
  80  41:00  Marine  
  80  41:03  Marine  
  82  41:08  SCV  
  83  41:18  Marine  
  83  41:21  SCV, Missile Turret, Marine  
  83  41:23  Starport Tech Lab  
  86  41:34  Missile Turret  
  86  41:36  Marine  
  86  41:38  Battlecruiser  
  86  41:39  Marine  
  94  41:43  Battlecruiser  
  94  41:45  Missile Turret  
  100  41:54  Marine  
  100  41:56  Marine  
  102  42:11  Marine  
  102  42:14  Marine  
  104  42:18  Command Center  
  89  42:40  Missile Turret  
  89  42:47  Battlecruiser  
  58  43:24  Fusion Core  
  58  43:47  Engineering Bay  
  37  44:16  Missile Turret  
  27  44:21  SCV  
  13  44:33  SCV  
  12  44:40  Missile Turret  
  12  44:45  SCV  
  9  44:57  SCV  
  10  45:09  SCV  
  11  45:37  Engineering Bay  
  11  46:08  Barracks  
  11  46:15  Missile Turret  
  8  46:28  Missile Turret  
  8  46:35  Missile Turret  
  8  46:40  Missile Turret  
  8  47:04  Missile Turret  
  8  47:07  Missile Turret  
  8  47:19  Command Center  
  2  47:56  Engineering Bay  
Show
View Real Time Build Order
Export as new Build Order

TATORREA Terran 

Build Orders:  

Get SALT Encoding   

  12  0:05  SCV  
  13  0:17  SCV  
  14  0:25  Refinery  
  14  0:29  SCV  
  14  0:30  Refinery  
  15  0:40  Supply Depot  
  15  1:04  Engineering Bay  
  15  1:08  Barracks  
  15  1:31  Supply Depot  
  15  1:35  SCV  
  16  1:47  SCV  
  17  1:55  Supply Depot  
  17  1:56  Barracks, Barracks Tech Lab  
  17  2:02  Orbital Command  
  17  2:17  Marine  
  18  2:35  Reaper  
  19  2:46  Factory  
  19  2:48  Barracks Tech Lab  
  19  3:08  Marauder, Marine  
  22  3:26  Reaper  
  23  3:28  Marine  
  24  3:54  Command Center  
  24  3:57  Factory Tech Lab  
  24  3:58  Marine  
  25  4:07  Marine  
  26  4:16  Marine  
  27  4:25  Reaper  
  27  4:30  Siege Tank  
  31  4:34  Reaper  
  32  4:44  Refinery  
  32  4:57  Marauder  
  34  5:06  Marauder  
  36  5:08  Refinery  
  36  5:16  Siege Tank  
  36  5:18  Marine  
  40  5:27  SCV  
  41  5:36  Reaper  
  41  5:39  SCV  
  42  5:48  Hellion  
  44  5:51  SCV  
  27  6:39  SCV  
  25  6:51  SCV  
  23  6:54  SCV  
  22  7:03  SCV  
  22  7:06  SCV  
  24  7:15  SCV  
  25  7:19  SCV  
  26  7:27  SCV  
  27  7:31  SCV  
  28  7:39  SCV  
  28  7:43  SCV  
  30  7:51  SCV  
  30  7:55  SCV  
  32  8:03  SCV  
  33  8:07  SCV  
  34  8:16  SCV  
  34  8:19  SCV  
  36  8:28  Planetary Fortress  
  36  8:31  SCV  
  37  8:36  Siege Tank  
  40  8:43  SCV  
  41  8:49  Missile Turret  
  41  9:09  Missile Turret  
  41  9:34  Starport  
  41  9:44  Siege Tank  
  41  10:12  Armory  
  41  10:19  Starport Tech Lab  
  41  10:37  Marine  
  41  10:38  Reaper  
  43  10:52  Siege Tank  
  43  10:56  Marauder  
  48  11:05  Starport  
  48  11:10  Marine  
  49  11:17  Reaper  
  50  11:18  Medivac  
  52  11:28  Marauder  
  54  11:44  Supply Depot  
  54  12:06  Banshee, Siege Tank  
  60  12:08  Supply Depot  
  60  12:30  Supply Depot  
  54  12:38  Cyclone  
  57  12:48  Viking  
  59  12:55  Supply Depot  
  59  13:10  Cyclone  
  59  13:12  Factory  
  62  13:17  Supply Depot  
  62  13:19  Starport Tech Lab  
  62  13:42  Thor  
  68  13:57  Factory  
  68  14:15  Missile Turret  
  68  14:22  Factory Tech Lab  
  68  14:32  SCV  
  68  14:36  Missile Turret  
  69  14:44  SCV  
  70  14:56  SCV, Missile Turret, Factory Tech Lab  
  71  15:04  Siege Tank  
  74  15:20  SCV  
  75  15:29  Missile Turret  
  75  15:36  Siege Tank  
  75  15:38  Hi-Sec Auto Tracking  
  78  15:48  SCV, Missile Turret  
  76  16:00  SCV  
  73  16:08  Siege Tank  
  76  16:23  Missile Turret  
  74  16:35  Neosteel Armor  
  74  16:40  Siege Tank  
  74  16:46  Missile Turret  
  70  17:07  Missile Turret  
  70  17:28  Missile Turret  
  70  17:56  Siege Tank  
  73  18:15  Armory, Terran Infantry Weapons Level 1  
  73  18:28  Siege Tank  
  76  19:04  Orbital Command  
  76  19:53  SCV  
  76  19:54  Refinery  
  77  20:05  SCV  
  78  20:09  Terran Infantry Armor Level 1  
  78  20:17  SCV  
  78  20:18  Banshee  
  82  20:29  SCV  
  82  20:32  Thor  
  89  20:42  SCV  
  90  20:56  Supply Depot  
  90  21:01  Viking  
  92  21:17  Thor  
  98  21:19  Supply Depot  
  98  21:31  Banshee  
  101  21:40  Thor  
  101  21:42  Supply Depot  
  107  21:49  Fusion Core  
  107  22:03  Thor  
  107  22:07  Supply Depot  
  113  22:14  Viking  
  115  22:18  SCV  
  116  22:29  Supply Depot  
  116  22:30  SCV  
  116  22:31  Terran Vehicle Weapons Level 1  
  117  22:38  Starport  
  117  22:42  SCV  
  118  22:44  Banshee  
  121  23:23  Supply Depot  
  121  23:27  Viking  
  123  23:46  Supply Depot  
  123  23:57  Battlecruiser  
  129  24:13  Barracks  
  129  24:25  Terran Ship Weapons Level 1  
  129  24:44  Starport Tech Lab  
  129  24:47  Weapon Refit  
  129  25:01  Viking  
  129  25:04  Ghost Academy  
  131  25:31  Viking  
  131  25:33  Supply Depot  
  133  25:56  Supply Depot  
  133  26:01  Battlecruiser  
  139  26:04  Missile Turret, Personal Cloaking  
  139  26:20  Terran Vehicle And Ship Armor Level 1  
  139  26:21  SCV  
  139  26:24  Missile Turret  
  140  26:33  SCV  
  141  26:51  SCV  
  142  26:56  Terran Infantry Weapons Level 2  
  142  27:03  SCV  
  142  27:06  Battlecruiser  
  149  27:11  Supply Depot  
  149  27:12  Supply Depot  
  149  27:34  Supply Depot  
  149  27:45  Thor  
  149  27:50  Thor  
  161  28:09  Viking  
  161  28:10  Supply Depot  
  163  28:13  Terran Vehicle Weapons Level 2  
  163  28:23  Missile Turret  
  163  28:28  Thor  
  163  28:34  Supply Depot  
  169  28:45  Missile Turret  
  169  29:11  Terran Infantry Armor Level 2, Thor  
  169  29:13  Cloaking Field  
  175  29:34  Infernal Pre-Igniter  
  173  30:29  Terran Ship Weapons Level 2  
  173  30:32  Hyperflight Rotors  
  173  30:53  Mag-Field Accelerator  
  173  31:05  Missile Turret  
  173  31:19  Battlecruiser  
  179  31:27  Missile Turret  
  161  31:48  Missile Turret  
  161  32:08  Missile Turret  
  123  32:29  Missile Turret  
  120  32:33  Drilling Claws  
  80  32:45  Terran Vehicle And Ship Armor Level 2  
  77  32:56  Missile Turret  
  77  32:58  Missile Turret  
  75  33:02  Missile Turret  
  66  33:06  Missile Turret  
  47  33:28  Missile Turret  
  47  33:33  Missile Turret  
  43  33:51  Smart Servos  
  31  34:58  Missile Turret  
  31  35:02  Missile Turret  
  30  35:19  Missile Turret  
  30  35:27  Battlecruiser  
  36  35:37  Thor  
  36  35:39  Missile Turret  
  42  36:07  Terran Vehicle Weapons Level 3  
  42  36:20  Thor  
  48  36:31  Battlecruiser  
  54  37:03  Thor  
  56  38:05  Supply Depot  
  56  38:09  Supply Depot  
  56  38:13  Supply Depot  
  56  38:29  Supply Depot  
  56  38:30  Supply Depot  
  56  38:32  Supply Depot  
  56  38:35  Supply Depot  
  56  38:48  Terran Ship Weapons Level 3  
  56  38:51  Supply Depot  
  56  38:53  Supply Depot  
  56  38:54  Thor  
  62  38:57  Battlecruiser  
  62  39:00  Supply Depot  
  68  39:11  Supply Depot  
  68  39:21  Supply Depot  
  50  39:34  Supply Depot  
  13  40:52  Supply Depot  
  13  40:55  Supply Depot  
Tags
 
Add a new tag
Caveats
  • Supply blocks, unpowered buildings, or Contaminate may cause inaccurate times.
  • Supply counts are checked every 10 seconds.